 Dungeon Crawl Stone Soup version 0.16-a0-1858-gba9b1e2 (webtiles) character file.

286 RobertPalmer the Insei (level 6, -3/43 HPs)
             Began as a Demonspawn Transmuter on Nov 4, 2014.
             Slain by Menkaure (9 damage)
             ... on level 4 of the Dungeon.
             The game lasted 00:09:43 (4585 turns).

RobertPalmer the Insei (Demonspawn Transmuter)      Turns: 4585, Time: 00:09:43

Health: -3/43      AC:  3    Str: 10    XL:     6   Next: 8%
Magic:  10/10      EV: 12    Int: 15    God:
Gold:   212        SH:  0    Dex: 16    Spells: 3 memorised, 2 levels left

rFire  . . .     SeeInvis .       - Unarmed
rCold  . . .     Clarity  .     c - +0 robe
rNeg   . . .     SustAb   .     (no shield)
rPois  .         Gourm    .     (helmet restricted)
rElec  .         Spirit   .     (no cloak)
rCorr  .         Warding  .     (no gloves)
rMut   .         Stasis   .     g - +0 pair of boots
MR     .....                    (no amulet)
Stlth  +.........               (no ring)
                                x - +1 ring of dexterity

@: appendage, very slightly contaminated, hasted, very quick, not resistant to
hostile enchantments, very unstealthy
A: horns 2, rot immunity
a: End Transformation


You were on level 4 of the Dungeon.
You were hungry.
You had grown temporary horns.
You visited 1 branch of the dungeon, and saw 4 of its levels.

You collected 212 gold pieces.


Innate Abilities, Weirdness & Mutations

You are immune to rotting.
You have a pair of horns on your head.


   Skills:
 - Level 1.0 Fighting
 - Level 1.7 Dodging
 - Level 5.0 Unarmed Combat
 - Level 2.0 Spellcasting
 + Level 4.1 Transmutations


You had 2 spell levels left.
You knew the following spells:

 Your Spells              Type           Power        Failure   Level  Hunger
x - Ice Form              Ice/Trmt       #.......     87%         4    #####..
z - Beastly Appendage     Trmt           ##....       4%          1    #......
Z - Sticks to Snakes      Trmt           ##........   8%          2    ###....

Inventory:

Missiles
 b - 87 arrows
Armour
 c - a +0 robe (worn)
 g - a +0 pair of boots (worn)
Jewellery
 x - a +1 ring of dexterity (left hand)
Magical devices
 j - a wand of enslavement (9)
Scrolls
 i - 5 scrolls of identify
 k - a scroll of fog {unknown}
 o - 2 scrolls of amnesia {unknown}
 p - a scroll of enchant weapon {unknown}
 q - a scroll of fear {unknown}
 s - 2 scrolls of teleportation {unknown}
 u - 2 scrolls of blinking {unknown}
 v - 2 scrolls of enchant armour {unknown}
Potions
 l - 3 potions of agility {unknown}
 m - 2 potions of heal wounds {unknown}
 n - 2 potions of resistance {unknown}
 r - a potion of flight {unknown}
 w - a potion of magic {unknown}
Books
 d - a book of Changes
Comestibles
 a - 3 bread rations
 h - 2 meat rations
 t - a fruit

Dungeon Overview and Level Annotations

Branches:
Dungeon (4/15)
 Temple: D:4-7

Altars:
Elyvilon
Xom

Annotations:
D:4 Menkaure

..........#...###..
............#.#..#.#
#.............#....#
##................#
##....#.........#
##....##......##
##.....<......##
##.......#....##
##....####.@h.#
#...## ##M.?......
#...# ##.......
#...# #...... #..##
...... #..# .....
##..# .## ######...#
## .........#####


You could see Menkaure and a hound.


Message History

Menkaure, Prince of Dust comes into view.
You hit the hound but do no damage. The hound barely misses you.
You closely miss the hound. The hound closely misses you.
Menkaure calls on the powers of darkness!
The hound convulses!
Your body is wracked with pain!
* * * LOW HITPOINT WARNING * * *
The hound closely misses you.
You hit the hound.
The hound is heavily wounded.
The hound bites you.
* * * LOW HITPOINT WARNING * * *
Unknown command.
Drink which item? (? for menu, Esc to quit)
You feel better. The hound bites you but does no damage.
The hound bites you but does no damage.
Okay, then.
Drink which item? (? for menu, Esc to quit)
You feel yourself speed up. The hound bites you.
You are very lightly contaminated with residual magic.
You hit Menkaure but do no damage. The hound bites you. Menkaure hits you!
* * * LOW HITPOINT WARNING * * *
You punch Menkaure!
Menkaure is moderately damaged.
The hound bites you.
* * * LOW HITPOINT WARNING * * *
Unknown command.
You completely miss Menkaure.
Menkaure is moderately damaged.
The hound bites you but does no damage. Menkaure hits you!
You die...

Action                   |  1- 3 |  4- 6 || total
-------------------------+-------+-------++-------
Melee: Unarmed           |   188 |   185 ||   373
 Cast: Beastly Appendage |    22 |    26 ||    48
       Sticks to Snakes  |       |    10 ||    10
  Use: Potion            |       |     4 ||     4
       Scroll            |       |     1 ||     1
 Stab: Sleeping          |     1 |     1 ||     2
  Eat: Royal jelly       |     1 |       ||     1
       Chunk             |     2 |     9 ||    11

Vault maps used:
D:1:      dpeg_arrival_boxes_within_box
D:3:      xom_teletrap_fun, elyvilon_altar_1, uniq_jessica, uniq_sigmund
D:4:      first_bread, uniq_menkaure, uniq_grinder, uniq_eustachio

Notes
Turn   | Place    | Note
--------------------------------------------------------------
     0 | D:1      | RobertPalmer, the Demonspawn Transmuter, began the quest for the Orb.
     0 | D:1      | Reached XP level 1. HP: 15/15 MP: 3/3
    32 | D:1      | Reached skill level 3 in Unarmed Combat
   281 | D:1      | Gained mutation: You are immune to rotting. [demonic ancestry]
   281 | D:1      | Reached XP level 2. HP: 21/21 MP: 2/4
  1411 | D:1      | Reached XP level 3. HP: 26/26 MP: 4/6
  1609 | D:2      | Reached skill level 4 in Unarmed Combat
  2115 | D:2      | Reached XP level 4. HP: 22/32 MP: 5/7
  2833 | D:2      | Reached skill level 5 in Unarmed Combat
  3055 | D:3      | Found a shimmering altar of Xom.
  3065 | D:3      | Reached skill level 2 in Transmutations
  3278 | D:3      | Reached XP level 5. HP: 32/37 MP: 7/9
  3284 | D:3      | Noticed Jessica
  3292 | D:3      | Killed Jessica
  3380 | D:3      | Reached skill level 3 in Transmutations
  3455 | D:3      | Learned a level 2 spell: Sticks to Snakes
  3666 | D:3      | Found a white marble altar of Elyvilon.
  3987 | D:3      | Noticed Sigmund
  4179 | D:3      | Killed Sigmund
  4179 | D:3      | Reached skill level 4 in Transmutations
  4179 | D:3      | Reached XP level 6. HP: 38/43 MP: 3/10
  4553 | D:4      | Learned a level 4 spell: Ice Form
  4578 | D:4      | Noticed Menkaure
  4585 | D:4      | Slain by Menkaure

Vanquished Creatures
  An orc priest (D:3)
  Jessica (D:3)
  8 adders
  2 gnolls
  4 worms
  2 giant geckos
  2 oozes
  6 orcs (D:3)
  A ball python (D:1)
  11 bats
  3 giant cockroaches
  6 goblins
  9 hobgoblins
  3 jackals (D:1)
  10 kobolds
  4 quokkas
  6 giant newts
  10 rats
89 creatures vanquished.

Vanquished Creatures (collateral kills)
  Sigmund (D:3)
  A hobgoblin (D:3)
2 creatures vanquished.

Grand Total: 91 creatures vanquished
